Map: 紫晶浪漫-天梯版

Players

TIME (Oliveira) - Winner!

  • Race: Terran Terran

Yukki (ReWhite)

  • Race: Protoss Protoss
  • League: Master

Event: DreamHack SC2 Masters 2021 Winter

VOD

Have the link to the VOD?

Description

Time

  • Played on: Oct. 6, 2021, 7:14 a.m.
  • Length: 7:51

All games in this series

Show
View Real Time Build Order
Export as new Build Order

TIME Terran - Winner!

Build Orders:  

Get SALT Encoding   

  12  0:00  SCV  
  13  0:12  SCV  
  14  0:17  Supply Depot  
  14  0:24  SCV  
  14  0:28  Refinery  
  15  0:39  SCV  
  16  0:44  Barracks  
  16  0:51  SCV  
  17  1:03  SCV  
  18  1:15  SCV  
  19  1:31  Factory, Marine  
  19  1:32  Orbital Command  
  20  1:38  Supply Depot  
  20  1:50  Barracks Reactor  
  20  1:58  SCV  
  21  2:10  SCV  
  21  2:15  Command Center  
  22  2:30  Hellion  
  22  2:31  Hellion  
  22  2:32  Starport  
  22  2:37  Supply Depot  
  26  2:39  SCV  
  27  2:51  Hellion  
  27  2:52  Hellion  
  31  3:01  SCV  
  31  3:02  Refinery  
  31  3:03  Barracks Tech Lab  
  32  3:11  Medivac  
  34  3:13  SCV  
  35  3:25  SCV, Barracks  
  36  3:27  Marine  
  36  3:28  Marine  
  36  3:33  Orbital Command  
  38  3:37  SCV  
  39  3:44  Cyclone  
  39  3:47  Marine  
  39  3:48  Marine  
  43  3:50  SCV  
  45  3:58  Supply Depot  
  45  4:09  Marine  
  44  4:10  SCV  
  44  4:12  Bunker  
  44  4:16  Siege Tank  
  48  4:20  SCV  
  48  4:22  SCV  
  48  4:23  Barracks Tech Lab  
  50  4:26  Marine  
  50  4:29  Barracks  
  51  4:32  SCV  
  51  4:36  Supply Depot, Marine  
  53  4:40  SCV  
  53  4:44  SCV  
  55  4:51  Marine  
  55  4:52  Marine  
  55  4:53  Stimpack, SCV  
  55  4:57  SCV  
  53  5:01  Siege Tank  
  53  5:02  Engineering Bay  
  53  5:06  SCV, Refinery  
  57  5:08  Marine  
  57  5:09  SCV  
  59  5:14  Marine  
  59  5:19  SCV  
  59  5:20  Supply Depot  
  59  5:21  SCV  
  62  5:26  Barracks Tech Lab, Marine x2  
  62  5:27  Terran Infantry Weapons Level 1  
  64  5:32  Marine  
  65  5:38  SCV  
  65  5:39  Siege Tank  
  66  5:44  SCV  
  66  5:46  Marine  
  66  5:47  Refinery  
  67  5:53  Combat Shield  
  66  5:58  Supply Depot, Marine x3  
  66  5:59  SCV  
  66  6:01  SCV  
  66  6:03  Starport Reactor  
  71  6:11  SCV, Marine  
  71  6:13  SCV  
  71  6:18  Marauder x2  
  78  6:19  Marine  
  78  6:23  SCV  
  78  6:24  Supply Depot  
  80  6:25  SCV  
  80  6:31  Missile Turret x2  
  81  6:34  Marine  
  81  6:35  SCV  
  81  6:37  Concussive Shells  
  81  6:38  Marine  
  84  6:40  Medivac  
  84  6:42  Factory Tech Lab  
  84  6:45  Medivac  
  84  6:46  Marauder x2  
  92  6:47  Supply Depot  
  92  6:50  Supply Depot  
  92  6:51  Marine  
  93  6:55  Marine  
  94  7:08  Marine  
  94  7:09  Marauder, Siege Tank, Marine  
  101  7:17  Medivac x2, Command Center  
  103  7:24  Supply Depot  
  103  7:26  Supply Depot  
  95  7:33  Marine  
  95  7:34  SCV  
Show
View Real Time Build Order
Export as new Build Order

Yukki Protoss 

Build Orders: 1 Gate Expand, Blink Stalkers 

Get SALT Encoding   

  12  0:00  Probe  
  13  0:12  Probe  
  14  0:17  Pylon  
  14  0:24  Probe  
  15  0:37  Gateway, Probe (Chrono Boost)  
  16  0:43  Assimilator  
  16  0:49  Probe (Chrono Boost)  
  17  0:54  Probe (Chrono Boost)  
  18  1:03  Probe  
  19  1:15  Probe  
  20  1:24  Cybernetics Core  
  20  1:33  Nexus  
  20  1:40  Pylon  
  20  1:47  Assimilator  
  20  1:49  Probe  
  21  1:58  Adept (Chrono Boost)  
  21  1:59  Warp Gate (Chrono Boost)  
  21  2:01  Probe  
  24  2:13  Probe  
  25  2:19  Adept (Chrono Boost)  
  27  2:25  Probe  
  27  2:28  Twilight Council  
  28  2:40  Probe (Chrono Boost)  
  28  2:41  Adept  
  31  2:45  Probe (Chrono Boost)  
  33  2:52  Robotics Facility  
  33  2:54  Probe (Chrono Boost)  
  33  2:55  Probe (Chrono Boost)  
  34  3:02  Probe  
  35  3:08  Probe  
  35  3:10  Pylon  
  36  3:14  Probe  
  36  3:19  Blink (Chrono Boost)  
  37  3:20  Probe  
  37  3:26  Probe  
  39  3:30  Gateway  
  39  3:32  Probe  
  40  3:38  Probe  
  40  3:40  Stalker  
  43  3:42  Observer  
  43  3:44  Probe  
  45  3:50  Probe  
  45  3:53  Gateway  
  46  3:56  Probe  
  46  4:02  Probe  
  41  4:08  Probe  
  41  4:09  Stalker  
  36  4:14  Probe  
  36  4:21  Probe (Chrono Boost)  
  36  4:26  Probe (Chrono Boost)  
  37  4:35  Stalker  
  37  4:38  Probe x2 (Chrono Boost)  
  41  4:42  Stalker  
  41  4:45  Probe x2 (Chrono Boost)  
  39  4:57  Probe  
  39  4:58  Probe  
  39  4:59  Stalker  
  42  5:09  Probe (Chrono Boost)  
  42  5:10  Probe (Chrono Boost)  
  45  5:21  Probe (Chrono Boost)  
  45  5:22  Probe (Chrono Boost)  
  46  5:30  Probe x2 (Chrono Boost)  
  46  5:35  Observer, Probe  
  46  5:36  Probe  
  44  5:44  Observer  
  44  5:46  Warp Prism  
  44  5:47  Probe  
  44  5:48  Probe  
  48  5:56  Dark Shrine  
  48  5:59  Probe  
  48  6:00  Probe  
  50  6:10  Assimilator  
  50  6:11  Probe, Pylon  
  50  6:12  Probe  
  50  6:16  Stalker  
  54  6:24  Pylon  
  54  6:30  Probe x2  
  56  6:36  Gateway  
  56  6:39  Gateway  
  56  6:42  Probe x2  
  58  6:54  Immortal (Chrono Boost), Probe x2  
  60  6:55  Pylon  
  64  7:06  Probe x2, Shield Battery  
  66  7:09  Dark Templar x2  
  70  7:18  Stalker  
  72  7:24  Pylon  
  72  7:25  Shield Battery  
  72  7:35  Zealot x2  

Tags
 
Add a new tag
Caveats
  • Supply blocks, unpowered buildings, or Contaminate may cause inaccurate times.
  • Supply counts are checked every 10 seconds.